 Dungeon Crawl Stone Soup version 0.26.0-10-g1f06aea511 (webtiles) character file.

Game seed: 8680972154487210219

213 mopl the Vexing (level 5, -4/35 HPs)
             Began as a Demonspawn Enchanter on Jan 21, 2021.
             Slain by an ogre
             ... wielding a +0 giant club
              (11 damage)
             ... on level 5 of the Dungeon.
             The game lasted 00:04:53 (3420 turns).

mopl the Vexing (Demonspawn Enchanter)              Turns: 3420, Time: 00:04:54

Health: -4/35      AC:  4    Str:  8    XL:     5   Next: 59%
Magic:  5/9        EV: 12    Int: 17    God:
Gold:   144        SH:  0    Dex: 14    Spells: 4/10 levels left

rFire    . . .     SeeInvis .   a - +1 dagger
rCold    + . .     Faith    +   (no shield)
rNeg     . . .     Spirit   .   b - +0 robe
rPois    .         Reflect  .   d - +0 helmet
rElec    .         Harm     .   (no cloak)
rCorr    .         Rampage  .   (no gloves)
Will     .....                  k - +0 pair of boots
Stlth    ++........             g - amulet of faith {!P}
HPRegen  0.11/turn              n - ring of protection from cold
MPRegen  0.11/turn              (no ring)

@: no status effects
A: talons 2, miasma immunity
a: no special abilities


You were on level 5 of the Dungeon.
You visited 1 branch of the dungeon, and saw 5 of its levels.

You collected 144 gold pieces.

Inventory:

Hand Weapons
 a - a +1 dagger (weapon)
Missiles
 c - 38 poisoned darts (quivered)
 e - 116 stones
Armour
 b - a +0 robe (worn)
 d - a +0 helmet (worn)
 k - a +0 pair of boots (worn)
Jewellery
 g - an amulet of faith (around neck) {!P}
 n - a ring of protection from cold (left hand)
Scrolls
 f - a scroll of enchant armour {unknown}
 h - 2 scrolls of teleportation {unknown}
 l - a scroll of random uselessness {unknown}
 m - 2 scrolls of identify {unknown}
 o - a scroll of blinking {unknown}
Potions
 i - 2 potions of curing
 j - a potion of mutation {unknown}


   Skills:
 + Level 2.3 Short Blades
 - Level 1.7 Dodging
 + Level 3.6 Stealth
 + Level 3.0 Spellcasting
 + Level 3.9 Hexes
 + Level 1.8 Ice Magic


You had 4 spell levels left.
You knew the following spells:

 Your Spells              Type           Power        Failure   Level
a - Corona                Hex            16%          3%          1
b - Ensorcelled Hibernat  Hex/Ice        24%          9%          2
d - Tukima's Dance        Hex            15%          11%         3

Your spell library contained the following spells:

 Spells                   Type           Power        Failure   Level
 Confusing Touch          Hex            15%          11%         3
 Dazzling Flash           Conj/Hex       18%          24%         3


Dungeon Overview and Level Annotations

Branches:
Dungeon (5/15)
 Temple: D:4-7

Altars:
Okawaru

Annotations:
D:1 fly


Innate Abilities, Weirdness & Mutations

You have razor-sharp toenails.
You are immune to miasma.


Message History

The ogre closely misses you.
Throw: 40 darts (poison)
Press: ? - help, Q - select action, (/) - cycle Shift-Dir - straight line, f/p - ogre
Aim: an ogre, wielding a +0 giant club (almost dead)
You throw a poisoned dart. The poisoned dart hits the ogre.
The ogre is almost dead.
The ogre hits you with a +0 giant club!
* * * LOW HITPOINT WARNING * * *
Throw: 39 darts (poison)
Press: ? - help, Q - select action, (/) - cycle Shift-Dir - straight line, f/p - ogre
Aim: an ogre, wielding a +0 giant club (almost dead)
You throw a poisoned dart.
The poisoned dart barely misses the ogre.
The ogre closely misses you.
You barely miss the ogre.
The ogre is almost dead.
You hit the ogre.
The ogre is almost dead.
The ogre hits you with a +0 giant club!
You die...

.. ..
###'######
#..(...<.#
#........#
#........#
+.....O..#
#...##.@.#
###########...#
#.............#
#....)........#
#.............#
#...###+#######
#... +... #...


You could see an ogre.

Vanquished Creatures
  A scorpion (D:4)
  A hound (D:4)
  An adder (D:2)
  A worm (D:2)
  3 dart slugs
  5 leopard geckos
  An orc (D:3)
  4 bats
  2 giant cockroaches
  10 hobgoblins
  4 jackals
  7 kobolds
  A quokka (D:2)
  6 frilled lizards
  6 goblins
  6 rats
59 creatures vanquished.

Vanquished Creatures (collateral kills)
  An ogre (D:5)
1 creature vanquished.

Vanquished Creatures (others)
  An ooze (D:4)
  26 plants (D:4)
27 creatures vanquished.

Grand Total: 87 creatures vanquished

Notes
Turn   | Place    | Note
-------+----------+-------------------------------------------
     0 | D:1      | mopl the Demonspawn Enchanter began the quest for the Orb.
     0 | D:1      | Reached XP level 1. HP: 13/13 MP: 3/3
    30 | D:1      | Reached skill level 1 in Short Blades
   225 | D:1      | Gained mutation: You have sharp toenails. [demonic
                  | ancestry]
   225 | D:1      | Reached XP level 2. HP: 7/19 MP: 3/5
   459 | D:1      | Learned a level 2 spell: Ensorcelled Hibernation
   764 | D:1      | Reached skill level 3 in Stealth
  1203 | D:1      | Reached XP level 3. HP: 24/24 MP: 3/6
  1207 | D:1      | Learned a level 3 spell: Tukima's Dance
  1490 | D:2      | Found an iron altar of Okawaru.
  1516 | D:2      | HP: 1/24 [poisoned by an adder]
  1968 | D:2      | Reached skill level 1 in Ice Magic
  2202 | D:2      | Gained mutation: You are immune to miasma. [demonic
                  | ancestry]
  2202 | D:2      | Reached XP level 4. HP: 27/30 MP: 2/7
  2848 | D:3      | You fall into a shaft and drop 1 floor!
  2880 | D:4      | Reached skill level 2 in Short Blades
  3028 | D:4      | Gained mutation: You have razor-sharp toenails. [demonic
                  | ancestry]
  3028 | D:4      | Reached XP level 5. HP: 31/35 MP: 2/9
  3054 | D:4      | Noticed an ogre
  3109 | D:5      | Entered Level 5 of the Dungeon
  3130 | D:5      | Killed an ogre
  3131 | D:5      | Reached skill level 3 in Spellcasting
  3404 | D:5      | Noticed an ogre
  3420 | D:5      | Slain by an ogre

Illustrated notes

Levels and vault maps discovered:
D:1:      lemuel_arrival_lava_pool, layout_basic
D:2:      layout_basic, lemuel_coloured_pillars_altar, st_stairs_10
D:3:      layout_rooms, minmay_misc_feat_cross, uniq_grinder
D:4:      kennysheep_kobold_camp, layout_basic
D:5:      layout_gridville, uniq_menkaure, uniq_crazy_yiuf_cottage

Skill      XL: |  1  2  3  4  5 |
---------------+----------------+-----
Short Blades   | 1 2 |  2.3
Stealth        | 3 |  3.6
Ice Magic      | 1 |  1.8
Spellcasting   | 3 |  3.0
Dodging        | |  1.7
Hexes          | |  3.9

Action                   |  1- 3 |  4- 6 || total
-------------------------+-------+-------++-------
Melee: Dagger            |   157 |    71 ||   228
       Kick              |    10 |       ||    10
Throw: Dart              |     4 |    11 ||    15
 Cast: Corona            |    10 |       ||    10
       Ensorcelled Hiber |    21 |    10 ||    31
       Tukima's Dance    |       |     3 ||     3
  Use: Potion            |     2 |     1 ||     3
 Stab: Sleeping          |    14 |     8 ||    22
Armor: Robe              |    28 |    22 ||    50
Dodge: Dodged            |    90 |    55 ||   145
